Unix NetHack Version 5.0.0-0 post-release - last build Jun 10 2026 00:39:30 (3ee93aec679c4c4259841fe613dc97188e26a321,branch:main).

Game began 2026-06-20 23:36:48, ended 2026-06-21 00:04:11.

Drastanta, lawful male human Knight

                                                ---------
                                               #->......|        ------
                                                |.d.....|     ###-....|
                                               ddd...{..|     #  |....|
                                               @|.......|     #  |....-#
                                              dd-.-------     #  ------#
                                                 ######       #        #
                                                      #       #        #
                                                      ##     ##       ##
                                                      ##     #        #
                                                       #######        #
                                                   ----+-----#        #
                                                   |........|########0###
                                                   |...<....|#      #---.----
                                                   |.........#      #|......|
                                                   ----------       #|......|
                                                                    #-......|
                                                                     |..[...|
                                                                     --------

Drastanta the Bachelor   St:14 Dx:10 Co:12 In:7 Wi:18 Ch:17  Lawful
Dlvl:8  $:560 HP:0(55) Pw:49(49) AC:2  Xp:6 T:3315  Burdened

Latest messages:
 There is a doorway here.
 You see here a giant spider corpse.
 In what direction? 4
 That web is difficult to remove.
 In what direction? 4
 Whoops...
 You are caught by a spider web!
 You are stuck to the web.
 You disentangle yourself.
 There is a doorway here.
 You see here a giant spider corpse.
 There is a doorway here.
 You see here a giant spider corpse.
 In what direction? 4
 You cut through the web.
 In what direction? 2
 You extract the saddled pony from the web.
 Really step into that web? [yn] (n) y
 You swap places with your saddled pony.
 You stumble into a spider web!
 The werewolf hits!
 You find a web.
 You hit the werewolf!
 The werewolf summons help!
 A wolf suddenly appears next to you!
 A wolf suddenly appears next to you!
 A wolf suddenly appears close by!
 A winter wolf suddenly appears close by!
 The werewolf misses!
 You miss the werewolf.
 You hit the werewolf!
 The winter wolf breathes frost!
 The blast of frost hits the saddled pony!
 The blast of frost hits you!
 The blast of frost hits the wolf!
 The wolf bites!
 The wolf bites!
 The werewolf hits!
 You are stuck to the web.
 The wolf bites!
 The wolf bites!
 The werewolf changes into a wolf.
 The werewolf bites!
 You feel feverish.
 You die...
 Do you want your possessions identified? [ynq] (y) y
 Do you want to see your attributes? [ynq] (y) y
 Do you want an account of creatures vanquished? [ynaq] (y) y
 Do you want to see your conduct and achievements? [ynq] (y) y
 Do you want to see the dungeon overview? [ynq] (y) y

Inventory:
 Coins    ('$')
  $ - 560 gold pieces
 Amulets  ('"')
  D - a cursed amulet of change
  O - an uncursed amulet of flying
  j - a cursed amulet of strangulation
 Weapons  (')')
  a - the blessed rustproof +1 Excalibur (weapon in right hand)
 Armor    ('[')
  d - an uncursed corroded +0 helmet (being worn)
  f - an uncursed +0 pair of leather gloves (being worn)
  k - an uncursed +0 pair of speed boots (being worn)
  e - an uncursed +0 small shield (being worn)
  y - a blessed +0 elven cloak (being worn)
  c - an uncursed +1 ring mail (being worn)
 Comestibles  ('%')
  g - 3 uncursed apples
  h - 13 uncursed carrots
  C - an uncursed tripe ration
 Scrolls  ('?')
  I - an uncursed scroll of amnesia
  x - an uncursed scroll of blank paper
  z - a blessed scroll of confuse monster
  U - an uncursed scroll of confuse monster
  P - a cursed scroll of confuse monster
  W - an uncursed scroll of create monster
  q - 2 uncursed scrolls of enchant armor
  L - 2 uncursed scrolls of enchant weapon
  T - a cursed scroll of enchant weapon
  l - an uncursed scroll of fire
  o - a blessed scroll of food detection
  S - an uncursed scroll of identify
  s - an uncursed scroll of light
  Y - an uncursed scroll of magic mapping
  V - a blessed scroll of remove curse
  M - a cursed scroll of remove curse
  J - 3 uncursed scrolls of teleportation
 Potions  ('!')
  t - an uncursed potion of blindness
  u - a blessed potion of booze
  G - an uncursed potion of booze
  F - a cursed potion of extra healing
  A - an uncursed potion of gain ability
  Z - an uncursed potion of gain energy
  b - an uncursed potion of hallucination
  m - 4 uncursed potions of healing
  v - 2 cursed potions of healing
  r - an uncursed potion of levitation
  p - a blessed potion of monster detection
  i - an uncursed potion of monster detection
  B - 2 uncursed potions of object detection
  w - 2 uncursed potions of water
 Rings    ('=')
  E - a cursed ring of hunger
  n - a cursed -2 ring of protection
 Wands    ('/')
  Q - a cursed wand of create monster (0:12)
 Tools    ('(')
  R - an empty cursed oilskin sack
 Gems/Stones  ('*')
  K - an uncursed worthless piece of white glass

Drastanta the Knight's attributes:

Background:
 You were a Bachelor, a level 6 male human Knight.
 You were lawful, on a mission for Lugh
 who was opposed by Brigit (neutral) and Manannan Mac Lir (chaotic).
 You were right-handed.
 You were in the Dungeons of Doom, on level 8.
 You entered the dungeon 3315 turns ago.
 It was the midnight hour.
 You had 586 experience points, 54 more were needed to attain level 7.

Basics:
 You had 0 out of 55 hit points.
 You had all 49 energy points (spell power).
 Your armor class was 2.
 Your wallet contained 560 zorkmids.
 Autopickup was on for '$' plus thrown.

Final Characteristics:
 Your strength was 14 (limit:18/100).
 Your dexterity was 10 (limit:18).
 Your constitution was 12 (peak:15, limit:18).
 Your intelligence was 7 (limit:18).
 Your wisdom was 18 (limit:18).
 Your charisma was 17 (limit:18).

Final Status:
 You were trapped in a web.
 You weren't hungry.
 You were burdened; movement was slightly slowed.
 You were wielding a long sword.
 You were skilled in long sword.

Final Attributes:
 You were piously aligned.
 You were level-drain resistant.
 You had automatic searching.
 You were stealthy.
 You could jump.
 You were warded.
 Your spell casting was impaired by metallic armor.
 You were a werewolf.
 You were harmed by silver.
 You were very fast.
 You are dead.

Miscellaneous:
 You encountered 1 bones level.
 Total elapsed playing time was 27 minutes and 23 seconds.

Major events:
 Turn
    1: Drastanta the lawful male human Knight entered the dungeon
  554: attained the rank of Esquire (level 3)
 1929: was given Excalibur by the Lady of the Lake
 2641: attained the rank of Bachelor (level 6)
 3315: killed by a werewolf

Spells:
 Name                 Level Category     Fail Retention
 magic missile          2   attack       100%  76%-100%
 healing                1   healing      100%  76%-100%

Skills:
 Fighting Skills
   bare handed combat [Unskilled]
   two weapon combat  [Unskilled]
   riding             [Basic]
 Weapon Skills
   dagger             [Unskilled]
   knife              [Unskilled]
   axe                [Unskilled]
   pick-axe           [Unskilled]
   short sword        [Unskilled]
   broadsword         [Unskilled]
   long sword         [Skilled]
   two-handed sword   [Unskilled]
   saber              [Unskilled]
   club               [Unskilled]
   mace               [Unskilled]
   morning star       [Unskilled]
   flail              [Unskilled]
   hammer             [Unskilled]
   polearms           [Unskilled]
   spear              [Unskilled]
   trident            [Unskilled]
   lance              [Basic]
   bow                [Unskilled]
   crossbow           [Unskilled]
 Spellcasting Skills
   attack spells      [Unskilled]
   healing spells     [Unskilled]
   clerical spells    [Unskilled]

Voluntary challenges:
 Character rerolling was not enabled.
 You never genocided any monsters.
 You never polymorphed an object.
 You used no wishes.
Achievements:
 You entered a shop.
 You attained the rank of Esquire.
 You attained the rank of Bachelor.

 The Dungeons of Doom: levels 1 to 9
    Level 1:
       A fountain.
    Level 2:
       A general store.
    Level 3:
       A potion shop.
    Level 4:
    Level 5:
    Level 6:
    Level 7:
       Many fountains, a grave.
       Oracle of Delphi.
       Final resting place for
          gbast73-Bar-Hum-Fem-Neu, killed by a jaguar, while frozen by a floating eye's gaze.
    Level 8: <- You were here.
       A fountain.
       Final resting place for
          you, killed by a werewolf.
    Level 9:
       A fountain.


Vanquished creatures:
  a ghost
  a giant mimic
  a giant beetle
  a leprechaun
  a giant spider
  a baby long worm
  a jaguar
  2 human zombies
  2 rock piercers
  a pony
  a gnome leader
  a little dog
  a floating eye
  a kitten
  2 homunculi
  a kobold leader
  5 hill orcs
  5 rothes
  a rabid rat
  a giant bat
  a wererat
  a werejackal
 an acid blob
  2 hobbits
  a giant rat
  2 cave spiders
  a yellow mold
  a red mold
  2 garter snakes
  3 geckos
  6 jackals
  a fox
  a kobold
  a goblin
  a sewer rat
  3 grid bugs
  2 bats
  2 lichens
  4 kobold zombies
  6 newts
73 creatures vanquished.

No species were genocided or became extinct.

Game over:
                       ----------
                      /          \
                     /    REST    \
                    /      IN      \
                   /     PEACE      \
                  /                  \
                  |    Drastanta     |
                  |      560 Au      |
                  |   killed by a    |
                  |     werewolf     |
                  |                  |
                  |                  |
                  |       2026       |
                 *|     *  *  *      | *
        _________)/\\_//(\/(/\)/\//\/|_)_______

Fare thee well Drastanta the Knight...

You died in The Dungeons of Doom on dungeon level 8 with 3364 points,
and 560 pieces of gold, after 3315 moves.
You were level 6 with a maximum of 55 hit points when you died.

